 Dungeon Crawl Stone Soup version 0.25-a0-253-g6f1b5d974a (webtiles) character file.

Game seed: 13817966189348053214, levelgen mode: classic

33 Borgoz the Covered (level 3, -8/24 HPs)
             Began as a Gargoyle Fighter on Dec 5, 2019.
             Blown up by Ijyb (32 damage)
             ... with a disintegration bolt
             ... on level 4 of the Dungeon.
             The game lasted 00:01:00 (682 turns).

Borgoz the Covered (Gargoyle Fighter)                Turns: 682, Time: 00:01:01

Health: -8/24      AC: 10    Str: 19    XL:     3   Next: 29%
Magic:  3/3        EV:  7    Int:  8    God:
Gold:   53         SH:  9    Dex: 10    Spells: 2/2 levels left

rFire    . . .     SeeInvis .   a - +0 long sword
rCold    . . .     Gourm    .   c - +0 shield
rNeg     + . .     Faith    .   b - +0 scale mail
rPois    ∞         Spirit   .   (no helmet)
rElec    +         Reflect  .   (no cloak)
rCorr    .         Harm     .   (no gloves)
MR       .....                  (no boots)
Stlth    ..........             (no amulet)
HPRegen  0.08/turn              (no ring)
MPRegen  0.08/turn              (no ring)

@: no status effects
A: negative energy resistance 1, electricity resistance, unbreathing,
petrification resistance, rot immunity, AC +3
a: no special abilities


You were on level 4 of the Dungeon.
You were not hungry.

You visited 1 branch of the dungeon, and saw 3 of its levels.

You collected 53 gold pieces.

Inventory:

Hand Weapons
 a - a +0 long sword (weapon)
Armour
 b - a +0 scale mail (worn)
 c - a +0 shield (worn)
Scrolls
 g - a scroll of fog {unknown}
 h - 4 scrolls of identify {unknown}
 k - a scroll of remove curse {unknown}
Potions
 d - a potion of might
 e - 2 potions of haste {unknown}
 i - a potion of lignification {unknown}
 j - a potion of curing {unknown}
Comestibles
 f - 2 rations


   Skills:
 + Level 3.7 Fighting
 * Level 2.5 Long Blades
 + Level 3.7 Armour
 - Level 3.2 Shields


You had 2 spell levels left.
You didn't know any spells.
Your spell library was empty.

Dungeon Overview and Level Annotations

Branches:
Dungeon (2/15)

Altars:
Dithmenos

Annotations:
D:4 Ijyb


Innate Abilities, Weirdness & Mutations

You are resistant to torment.
Your stone body is resilient. (AC +3)
You are immune to poison.
You resist negative energy. (rN+)
You are resistant to electric shocks. (rElec)
You can survive without breathing.
You are immune to petrification.
You are immune to rotting.


Message History

No target in view!
You see here a leather armour.
You now have 42 gold pieces (gained 13).
Key pressed, stopping explore.
No target in view!
Found a stone staircase leading up.
There is a stone staircase leading up here.
h - 4 scrolls labeled AWARRE HOCWUUKIBIA (gained 2)
You now have 53 gold pieces (gained 11).
Found a mace.
Found a stone staircase leading up.
j - a ruby potion No target in view!
You fall into a shaft and drop 2 floors!
The shaft crumbles and collapses.
Ijyb the Twisted Goblin comes into view.
She is wielding a +4 club and carrying a wand of disintegration (11).
Ijyb shouts!
Found 12 gold pieces.
Ijyb zaps a wand.
You are blasted!
Ouch! That really hurt!
You die...

... . .. #.
#.$ .#.. ...#
#g. #..##
#$@## ###..##
#.....##+##..#
#............#
#.........##.#
#..^......#
#.........#
........#..#
..#......#..#


You could see Ijyb.

Vanquished Creatures
  An ooze (D:1)
  A dart slug (D:1)
  2 leopard geckos (D:1)
  4 bats
  3 giant cockroaches (D:1)
  2 goblins (D:1)
  3 hobgoblins (D:1)
  3 kobolds (D:1)
  2 frilled lizards
  A rat (D:1)
22 creatures vanquished.

Notes
Turn   | Place    | Note
-------+----------+-------------------------------------------
     0 | D:1      | Borgoz the Gargoyle Fighter began the quest for the Orb.
     0 | D:1      | Reached XP level 1. HP: 14/14 MP: 1/1
    10 | D:1      | Reached XP level 2. HP: 8/19 MP: 2/2
   454 | D:1      | Reached XP level 3. HP: 19/23 MP: 3/3
   550 | D:1      | You fall into a shaft and drop 1 floor!
   552 | D:2      | Found a shadowy altar of Dithmenos.
   679 | D:2      | You fall into a shaft and drop 2 floors!
   679 | D:4      | Noticed Ijyb
   682 | D:4      | Blown up by Ijyb

Levels and vault maps discovered:
D:1:      scummos_arrival_simple_fountains, layout_loops_corners, serial_forest,
          infiniplex_forest_end_1, infiniplex_forest_lined_3,
          infiniplex_forest_clump_medium, infiniplex_forest_clump_C,
          infiniplex_forest_clump_cross, infiniplex_forest_straight_2,
          minmay_pentomino_x2
D:2:      layout_loops_ring, old_standard_altar,
          yredelemnul_forgotten_temple_becter, first_ration
D:4:      layout_rooms, vehumet_statue, gammafunk_temple_overflow_claw,
          minmay_temple_entry_grid, minmay_misc_feat_rugged,
          minmay_misc_feat_enclosed, minmay_crossroads, uniq_ijyb

Skill      XL: |  1 |
---------------+----+-----
Long Blades    | 2 |  2.5
Fighting       | |  3.7
Armour         | |  3.7
Shields        | |  3.2

Action                   || total
-------------------------++-------
Melee: Long sword        ||    81
Armor: Scale mail        ||    45
Dodge: Dodged            ||    30
Block: Shield            ||    38
       Rpst.: Long sword ||     6

Table legend:
 A = Non-vault XP
 B = Vault XP
 C = Vault XP percentage of total XP
 D = Non-vault monster count
 E = Vault monster count
 F = Vault count percentage of total count
                 A         B        C        D         E       F
            +---------+---------+-------+---------+---------+-------
      Total |      44 |       4 |   8.3 |      20 |       2 |   9.1
            +---------+---------+-------+---------+---------+-------
        D:1 |      40 |       4 |   9.1 |      17 |       2 |  10.5
        D:2 |       4 |       0 |   0.0 |       3 |       0 |   0.0
            +---------+---------+-------+---------+---------+-------
